 Dungeon Crawl Stone Soup version 0.23.2-1-ga50397a (webtiles) character file.

Game seed: 18862389999993400

5684 Borbor the Carver (level 10, -2/80 HPs)
             Began as a Demonspawn Abyssal Knight on May 12, 2019.
             Was a High Priest of Lugonu.
             Slain by an orc knight
             ... wielding a +0 glaive
              (24 damage)
             ... in a bailey on May 13, 2019.
             The game lasted 01:39:48 (14714 turns).

Borbor the Carver (Demonspawn Abyssal Knight)      Turns: 14714, Time: 01:39:49

Health: -2/80      AC: 20    Str: 20    XL:     10   Next: 47%
Magic:  16/16      EV:  6    Int: 14    God:    Lugonu [*****.]
Gold:   149        SH:  9    Dex: 13    Spells: 9/9 levels left

rFire    . . .     SeeInvis .   a - +3 falchion
rCold    + . .     Gourm    .   F - +0 buckler
rNeg     . . .     Faith    +   t - +0 plate armour
rPois    .         Spirit   .   A - +0 helmet
rElec    .         Reflect  .   d - +0 cloak {+Inv}
rCorr    .         Harm     .   c - +2 pair of gloves
MR       .....                  (boots unavailable)
Stlth    ..........             i - amulet of faith
HPRegen  0.23/turn              l - +3 ring of protection
MPRegen  0.15/turn              u - ring of protection from cold

@: mighty
A: talons 3, large bone plates 1, nightstalker 1
a: Depart the Abyss, Bend Space, Banish, Corrupt, Enter the Abyss, Renounce
Religion, Evoke Invisibility


You were in a bailey.
You worshipped Lugonu.
Lugonu was extremely pleased with you.
You were not hungry.

You visited 2 branches of the dungeon, and saw 11 of its levels.
You visited the Abyss 1 time.
You also visited: Bailey.

You collected 413 gold pieces.
You spent 264 gold pieces at shops.

Inventory:

Hand Weapons
 a - a +3 falchion (weapon)
 b - a +0 hunting sling
Missiles
 p - 100 stones
 r - 40 sling bullets
 J - a tomahawk
 K - 3 tomahawks of returning (quivered)
Armour
 c - a +2 pair of gloves (worn)
 d - a +0 cloak of invisibility (worn)
 t - a +0 plate armour (worn)
 A - a +0 helmet (worn)
 F - a +0 buckler (worn)
Jewellery
 i - an amulet of faith (around neck)
 l - a +3 ring of protection (left hand)
 s - an uncursed ring of stealth
 u - a ring of protection from cold (right hand)
Wands
 f - a wand of digging (2)
 h - a wand of polymorph (3)
 w - a wand of acid (4)
 B - a wand of random effects (30)
 I - a wand of clouds (4)
Scrolls
 g - 9 scrolls of identify
 x - a scroll of remove curse
 z - a scroll of holy word {unknown}
 C - a scroll of teleportation
 E - a scroll of immolation {unknown}
 G - a scroll of vulnerability {unknown}
 H - a scroll of enchant weapon
Potions
 q - a potion of lignification
 v - a potion of haste
 D - a potion of ambrosia
Comestibles
 e - 11 rations


   Skills:
 + Level 7.6 Fighting
 * Level 9.3 Long Blades
 + Level 5.0 Armour
 - Level 0.8 Dodging
 + Level 3.7 Shields
 - Level 8.0 Invocations
 + Level 4.2 Evocations


You had 9 spell levels left.
You didn't know any spells.
Your spell library contained the following spells:

 Spells                   Type           Power        Failure   Level  Hunger
 Animate Skeleton         Necr           N/A          100%        1    ##.....
 Beastly Appendage        Tmut           #.....       100%        1    ##.....
 Confusing Touch          Hex            #.....       100%        1    ##.....
 Pain                     Necr           #...         100%        1    ##.....
 Sticks to Snakes         Tmut           #.......     100%        2    ###....
 Confuse                  Hex            #.......     100%        3    ####...
 Gell's Gravitas          Tloc           #.........   100%        3    ####...
 Regeneration             Chrm/Necr      #.........   100%        3    ####...
 Spider Form              Tmut/Pois      #.........   100%        3    ####...
 Vampiric Draining        Necr           #.........   100%        3    ####...
 Animate Dead             Necr           N/A          100%        4    #####..
 Ice Form                 Ice/Tmut       #.......     100%        4    #####..
 Petrify                  Tmut/Erth      #.......     100%        4    #####..
 Blade Hands              Tmut           #.........   100%        5    ######.
 Metabolic Englaciation   Hex/Ice        #.........   100%        5    ######.
 Yara's Violent Unravell  Hex/Tmut       #.........   100%        5    ######.


Dungeon Overview and Level Annotations

Branches:
Dungeon (10/15)            Temple (1/1) D:4            Lair (0/6) D:8
    Orc: D:9-12

Altars:
Ashenzari
Cheibriados
Dithmenos
Elyvilon
Fedhas
Gozag
Hepliaklqana
Kikubaaqudgha
Makhleb
Nemelex Xobeh
Okawaru
Qazlal
Ru
Sif Muna
Trog
Uskayaw
Vehumet
Wu Jian
Xom
Yredelemnul
Zin
The Shining One

Shops:
D:7 [

Annotations:
D:8 1 runed translucent door, xveg's ghost, journeyman HaHu


Innate Abilities, Weirdness & Mutations

You have claws for feet.
You are partially covered in large bone plates. (SH +4)
You are slightly more attuned to the shadows.


Message History

The orc knight is heavily wounded.
The orc knight hits you with a +0 glaive!!
You feel very mighty all of a sudden.
You slash the orc knight!
The orc knight is heavily wounded.
The orc knight hits you with a +0 glaive!
You slash the orc knight!
You claw the orc knight, but do no damage.
The orc knight is severely wounded.
The orc knight hits you but does no damage.
You hit the orc knight. Your kick misses the orc knight.
The orc knight is severely wounded.
You completely miss the orc knight.
The orc knight is severely wounded.
The orc knight hits you with a +0 glaive.
* * * LOW HITPOINT WARNING * * *
You slash the orc knight! Your kick misses the orc knight.
The orc knight is almost dead.
The orc knight hits you with a +0 glaive!!
You die...

##.........##
##..≈≈≈≈≈≈≈..##
#..≈≈..)..≈≈..##
..≈≈..###..≈≈..##########
.≈≈..##.##..≈≈..........#
≈≈..##.∩.##..≈≈≈≈≈≈≈≈≈≈.#
...##.....##..........≈.#
###'###'#############.≈.#
##.....§...##..@o.##.≈.#
##..≈§≈≈≈≈≈§§'#...##..≈.#
#..≈§§....§≈..##.##..≈≈.#
..≈≈..⌠∩⌠..≈≈..#+#..≈≈.##
..≈≈§§.⌠...§≈..# #..≈≈.∩#
'..≈≈....)≈≈..## ##..≈≈.#
##..≈≈≈≈≈≈§..## ##..≈.#
.##.........##.$$$.##.≈.#
#######+##### #######.≈.#


You could see an orc knight.

Vanquished Creatures
  An orc knight (Bailey)
  Maurice (D:8)
  Psyche (D:8)
  3 trolls
  4 hogs (D:8)
  A human (D:8)
  3 water moccasins (D:8)
  Duvessa (D:5)
  3 sky beasts
  A phantom (D:4)
  5 orc warriors
  An ice beast (D:8)
  4 ogres
  A centaur (D:7)
  A bullfrog (D:9)
  Dowan (D:5)
  A wyvern skeleton (D:9)
  3 scorpions
  2 howler monkeys
  5 wights (D:9)
  A crimson imp (D:7)
  2 hounds
  3 centaur skeletons
  A quasit (D:7)
  3 orc priests
  5 orc wizards
  5 worker ants
  Ijyb (D:5)
  A hound zombie (D:7)
  A worker ant zombie (D:9)
  9 gnolls
  9 adders
  A shadow imp (D:7)
  3 oozes
  An adder zombie (D:4)
  2 adder skeletons
  A worm (D:2)
  2 dart slugs (D:1)
  A leopard gecko (D:2)
  45 orcs
  A ball python (D:5)
  2 giant cockroaches
  13 goblins
  8 hobgoblins
  14 jackals
  2 kobolds (D:2)
  2 quokkas
  4 bats
  4 frilled lizards
  A leopard gecko zombie (D:5)
  7 rats
198 creatures vanquished.

Vanquished Creatures (others)
  An orc warrior (D:8)
  An orc wizard (D:8)
  A leopard gecko (D:8)
  2 orcs (D:8)
  3 fungi (D:8)
  3 plants (D:8)
11 creatures vanquished.

Grand Total: 209 creatures vanquished

Notes
Turn   | Place    | Note
-------+----------+-------------------------------------------
     0 | Abyss:1  | Borbor the Demonspawn Abyssal Knight began the quest for
                  | the Orb.
     0 | Abyss:1  | Reached XP level 1. HP: 18/18 MP: 2/2
     2 | D:1      | Escaped the Abyss
   395 | D:1      | Reached skill level 2 in Long Blades
   403 | D:1      | Gained mutation: You are partially covered in large bone
                  | plates. (SH +4) [demonic ancestry]
   403 | D:1      | Reached XP level 2. HP: 17/24 MP: 4/4
   726 | D:1      | Reached * piety under Lugonu
   879 | D:1      | Reached XP level 3. HP: 28/29 MP: 5/5
  1013 | D:2      | Found a sparkling altar of Nemelex Xobeh.
  1556 | D:2      | Found a glowing golden altar of the Shining One.
  1620 | D:2      | Reached skill level 3 in Long Blades
  2314 | D:3      | Reached XP level 4. HP: 35/35 MP: 6/6
  2869 | D:4      | Found a staircase to the Ecumenical Temple.
  2882 | Temple   | Entered the Ecumenical Temple
  2984 | D:4      | Reached ** piety under Lugonu
  3072 | D:4      | Reached XP level 5. HP: 9/42 MP: 6/8
  3094 | D:4      | HP: 2/42 [poisoned by a worker ant]
  3477 | D:4      | Noticed a phantom
  3733 | D:4      | Found a shimmering altar of Xom.
  3734 | D:4      | Found a white marble altar of Elyvilon.
  3734 | D:4      | Found an iron altar of Okawaru.
  4383 | D:4      | Reached skill level 4 in Long Blades
  4648 | D:4      | Killed a phantom
  4648 | D:4      | Gained mutation: You have sharp toenails. [demonic
                  | ancestry]
  4648 | D:4      | Reached XP level 6. HP: 25/48 MP: 9/9
  4838 | D:4      | Found a sparkling altar of Nemelex Xobeh.
  4913 | D:5      | Entered Level 5 of the Dungeon
  5085 | D:5      | Noticed Dowan
  5108 | D:5      | Noticed Duvessa
  5122 | D:5      | Killed Duvessa
  5122 | D:5      | Reached skill level 5 in Invocations
  5134 | D:5      | Reached skill level 5 in Long Blades
  5137 | D:5      | Killed Dowan
  5137 | D:5      | Reached XP level 7. HP: 37/55 MP: 9/11
  5293 | D:5      | Noticed Ijyb
  5343 | D:5      | Killed Ijyb
  5749 | D:5      | Noticed a troll
  6109 | D:4      | Killed a troll
  6109 | D:4      | Reached skill level 5 in Fighting
  6320 | D:5      | Found a radiant altar of Vehumet.
  6504 | D:5      | Reached skill level 6 in Long Blades
  7098 | D:6      | Gained mutation: You have razor-sharp toenails. [demonic
                  | ancestry]
  7098 | D:6      | Reached XP level 8. HP: 30/63 MP: 12/12
  7383 | D:6      | Found an opulent altar of Gozag.
  7433 | D:6      | Found a sacrificial altar of Ru.
  7716 | D:7      | Found Vomowau's Antique Armour Shop.
  7752 | D:6      | Reached *** piety under Lugonu
  8517 | D:7      | Reached skill level 7 in Long Blades
  8619 | D:7      | Found a deep blue altar of Sif Muna.
  8671 | D:7      | Bought an embroidered cloak for 165 gold pieces
  8955 | D:7      | Reached skill level 1 in Evocations
  9299 | D:7      | Bought a buckler for 99 gold pieces
  9379 | D:8      | Noticed Psyche
  9399 | D:8      | Killed Psyche
  9399 | D:8      | Gained mutation: You are slightly more attuned to the
                  | shadows. [demonic ancestry]
  9399 | D:8      | Reached XP level 9. HP: 45/71 MP: 14/14
  9885 | D:8      | Reached skill level 1 in Shields
  9938 | D:8      | Noticed Maurice
 10251 | D:8      | Noticed a polar bear
 10252 | D:8      | Found a runed translucent door.
 10253 | D:8      | Identified the +10 spear of the Grave {pain, *Slow rPois
                  | rC+}
 10254 | D:8      | Noticed xveg's ghost (journeyman HaHu)
 10505 | D:8      | Killed Maurice
 10505 | D:8      | Reached skill level 8 in Long Blades
 10540 | D:8      | Found a shimmering altar of Xom.
 10549 | D:8      | Reached **** piety under Lugonu
 11274 | D:8      | Found a staircase to the Lair.
 11792 | D:8      | Gained mutation: You have claws for feet. [demonic
                  | ancestry]
 11792 | D:8      | Reached XP level 10. HP: 79/79 MP: 16/16
 12847 | D:9      | Reached skill level 9 in Long Blades
 13346 | D:10     | Entered Level 10 of the Dungeon
 13412 | D:10     | Found a flagged portal.
 13437 | Bailey   | Entered a bailey
 13578 | Bailey   | Reached ***** piety under Lugonu
 13981 | Bailey   | Noticed an orc knight
 14212 | Bailey   | Killed an orc knight
 14212 | Bailey   | Reached skill level 5 in Armour
 14695 | Bailey   | Noticed an orc knight
 14714 | Bailey   | Slain by an orc knight

Skill      XL: |  1  2  3  4  5  6  7  8  9 10 |
---------------+-------------------------------+-----
Long Blades    | 2 3 4 5 6 7 8 9 |  9.3
Invocations    | 3 4 5 6 7 8 |  8.0
Fighting       | 4 5 6 7 |  7.6
Armour         | 3 4 5 |  5.0
Evocations     | 1 3 4 |  4.2
Shields        | 2 3 |  3.7
Dodging        | |  0.8

Action                   |  1- 3 |  4- 6 |  7- 9 | 10-12 || total
-------------------------+-------+-------+-------+-------++-------
Melee: Falchion          |   144 |   253 |   558 |   233 ||  1188
       Kick              |       |    15 |   162 |    72 ||   249
 Fire: Hunting sling     |       |       |    18 |   316 ||   334
Throw: Tomahawk          |    15 |     8 |     5 |    12 ||    40
       Stone             |     4 |    12 |    12 |    24 ||    52
Invok: Depart the Abyss  |     1 |       |       |       ||     1
       Bend Space        |       |       |     2 |     3 ||     5
Evoke: Wand              |       |       |    17 |     1 ||    18
  Use: Potion            |       |     1 |     2 |     5 ||     8
       Scroll            |       |     3 |     3 |    12 ||    18
 Stab: Invisible         |       |       |     3 |       ||     3
  Eat: Chunk             |     4 |     7 |    14 |    10 ||    35
       Ration            |       |     1 |     2 |       ||     3
Armor: Leather armour    |    36 |       |       |       ||    36
       Chain mail        |     2 |   118 |   113 |       ||   233
       Plate armour      |       |       |   310 |   196 ||   506
Dodge: Dodged            |    65 |    70 |   123 |    65 ||   323
Block: Other             |    19 |    47 |    62 |       ||   128
       Buckler           |       |       |    48 |   174 ||   222
       Rpst.: Falchion   |    19 |    26 |    25 |    11 ||    81
